 Dungeon Crawl Stone Soup version 0.29-a0-857-g9b1aa3ac5b (webtiles) character file.

Game seed: 971016051340939579

51 quixfox the Chopper (level 3, -5/36 HPs)
             Began as a Hill Orc Fighter on July 17, 2022.
             Slain by Terence
             ... wielding a +3 flail of protection
              (13 damage)
             ... on level 3 of the Dungeon.
             The game lasted 00:03:20 (2555 turns).

quixfox the Chopper (Hill Orc Fighter)              Turns: 2555, Time: 00:03:21

Health: -5/36      AC: 10    Str: 24    XL:     3   Next: 83%
Magic:  3/3        EV:  9    Int:  7    God:
Gold:   37         SH:  4    Dex:  9    Spells: 2/2 levels left

rFire   . . .      SeeInvis .   a - +0 war axe
rCold   . . .      Faith    .   c - +0 buckler
rNeg    . . .      Spirit   .   b - +0 scale mail
rPois   .          Reflect  .   (no helmet)
rElec   .          Harm     .   q - +1 cloak
rCorr   .          Rampage  .   m - +0 pair of gloves
Will    .....                   (no boots)
Stlth   ..........              (no amulet)
HPRegen 0.12/turn               (no ring)
MPRegen 0.08/turn               (no ring)

@: no status effects
A: robust 1, strong 1, noise suppression
a: no special abilities


You were on level 3 of the Dungeon.
You visited 1 branch of the dungeon, and saw 3 of its levels.

You collected 37 gold pieces.

Inventory:

Hand Weapons
 a - a +0 war axe (weapon)
Missiles
 n - 4 boomerangs
 r - 5 silver javelins (quivered)
Armour
 b - a +0 scale mail (worn)
 c - a +0 buckler (worn)
 m - a +0 pair of gloves (worn)
 q - a +1 cloak (worn)
Scrolls
 f - a scroll of noise {unknown}
 g - a scroll of amnesia {unknown}
 h - a scroll of fear {unknown}
 j - a scroll of blinking {unknown}
 l - 2 scrolls of identify {unknown}
 o - a scroll of brand weapon {unknown}
 p - a scroll of teleportation {unknown}
Potions
 d - a potion of might
 e - a potion of brilliance {unknown}
 i - a potion of invisibility {unknown}
 k - 2 potions of curing
 s - a potion of degeneration {unknown}


   Skills:
 + Level 4.1 Fighting
 * Level 4.3 Axes
 + Level 3.8 Armour
 - Level 3.2 Shields


You had 2 spell levels left.
You didn't know any spells.
Your spell library contained the following spells:

 Spells                   Type           Power      Damage    Failure   Level
 Magic Dart               Conj           0%         1d3       83%         1
 Call Imp                 Summ           0%         N/A       92%         2
 Gell's Gravitas          Tloc           0%         N/A       99%         3
 Mephitic Cloud           Conj/Pois/Air  0%         N/A       99%         3
 Teleport Other           Tloc           0%         N/A       99%         3
 Dispersal                Tloc           0%         N/A       100%        6


Dungeon Overview and Level Annotations

Branches:
Dungeon (3/15)

Altars:

Annotations:
D:3 Grinder, Terence


Innate Abilities, Weirdness & Mutations

You are robust. (+10% HP)
Your muscles are strong. (Str +4, Int/Dex -1)
You passively dampen the noise of your surroundings.


Message History

There is a stone staircase leading down here.
There is a stone staircase leading down here.
You start resting.
HP restored.
You climb downwards.
Level annotation: Grinder Terence shouts!
There is a stone staircase leading up here.
Found 5 stones.
Terence hits you with a +3 flail of protection.
You hit Terence.
Terence is moderately wounded.
Terence drinks a potion.
Terence seems to grow stronger.
You block Terence's attack.
You closely miss Terence.
Terence is moderately wounded.
Terence hits you with a +3 flail of protection!
You hit Terence.
Terence is heavily wounded.
Terence hits you with a +3 flail of protection.
You barely miss Terence.
Terence is heavily wounded.
Terence hits you with a +3 flail of protection!
You hit Terence.
Terence is almost dead.
You block Terence's attack.
Terence hits you with a +3 flail of protection!
* * * LOW HITPOINT WARNING * * *
You hit Terence.
Terence is almost dead.
Terence closely misses you.
You feel better. Terence closely misses you.
You hit Terence but do no damage.
Terence is almost dead.
Terence closely misses you.
You hit Terence but do no damage.
Terence is almost dead.
Terence closely misses you.
Terence hits you with a +3 flail of protection!
You die...

#######
#<#...#.#
#.#.....#
#.@.# #..@(#
........#
......#...#
........#####
........#
........#
........#


You could see Terence (strong).

Vanquished Creatures
  An adder (D:2)
  A worm (D:2)
  A dart slug (D:2)
  2 orcs (D:2)
  3 endoplasms
  3 goblins (D:1)
  4 hobgoblins
  2 jackals (D:2)
  A quokka (D:1)
  6 ball pythons (D:1)
  4 bats
  2 kobolds (D:1)
  4 rats
34 creatures vanquished.

Notes
Turn   | Place    | Note
-------+----------+-------------------------------------------
     0 | D:1      | quixfox the Hill Orc Fighter began the quest for the Orb.
     0 | D:1      | Reached XP level 1. HP: 19/19 MP: 1/1
   158 | D:1      | Reached XP level 2. HP: 26/27 MP: 2/2
  1296 | D:2      | Reached XP level 3. HP: 8/33 MP: 3/3
  1296 | D:2      | Gained mutation: Armour fits poorly on your strangely
                  | shaped body. [potion of mutation]
  1296 | D:2      | Gained mutation: Your mind is acute. (Int +4, Str/Dex -1)
                  | [potion of mutation]
  1296 | D:2      | Gained mutation: You are partially covered in iridescent
                  | scales. (AC +2) [potion of mutation]
  1298 | D:2      | Lost mutation: Your mind is acute. (Int +4, Str/Dex -1)
                  | [potion of mutation]
  1298 | D:2      | Lost mutation: Armour fits poorly on your strangely shaped
                  | body. [potion of mutation]
  1298 | D:2      | Lost mutation: You are partially covered in iridescent
                  | scales. (AC +2) [potion of mutation]
  1298 | D:2      | Gained mutation: You passively dampen the noise of your
                  | surroundings. [potion of mutation]
  1298 | D:2      | Gained mutation: Your muscles are strong. (Str +4, Int/Dex
                  | -1) [potion of mutation]
  1298 | D:2      | Gained mutation: You are robust. (+10% HP) [potion of
                  | mutation]
  1931 | D:2      | Found a faded altar of an unknown god.
  2501 | D:3      | Noticed Grinder
  2544 | D:3      | Noticed Terence
  2551 | D:3      | HP: 1/36 [Terence/+3 flail of protection (11)]
  2555 | D:3      | Slain by Terence

Illustrated notes

Levels and vault maps discovered:
D:1:      dpeg_arrival_simpleton_a, layout_loops_ring, serial_co_window_serial,
          co_window_corner_a, co_window_paths_a, co_window_corner_a,
          co_window_paths_a, co_window_of_opportunity_a, co_window_2corner,
          co_window_of_opportunity_b, co_window_2corner, co_window_corner_b,
          co_window_paths_c, co_window_paths_e, co_window_paths_d,
          glass_columns_b, glass_columns_a
D:2:      layout_basic, chequers_ecumenical_altar_simple, minmay_liquid_box,
          serial_bayou_pond_e
D:3:      layout_basic, serial_glass, glass_columns_a, glass_columns_c,
          minmay_misc_feat_nine_boxes, uniq_natasha, uniq_robin, uniq_terence,
          uniq_grinder

Skill      XL: |  1  2  3 |
---------------+----------+-----
Axes           | 3 4 |  4.3
Fighting       | 4 |  4.1
Armour         | |  3.8
Shields        | |  3.2

Action                   || total
-------------------------++-------
Melee: War axe           ||   115
  Use: Potion            ||     4
Armor: Scale mail        ||    46
Dodge: Dodged            ||    51
Block: Buckler           ||    31

Table legend: (Time is in decaauts)
 A = Elapsed time spent in this place.
 B = Non-inter-level travel time spent in this place.
 C = Inter-level travel time spent in this place.
 D = Time resting spent in this place.
 E = Time spent auto-exploring this place.
 F = Levels seen in this place.
 G = Mean time per level.
                   A        B        C        D        E       F      G
               +--------+--------+--------+--------+--------+-----+--------+
         Total |   2597 |   2529 |     68 |      4 |   2143 |   3 |  865.7 |
       Dungeon |   2597 |   2529 |     68 |      4 |   2143 |   3 |  865.7 |
               +--------+--------+--------+--------+--------+-----+--------+

Top non-repeatable levels by time:
     D:2: 1326 daAuts
     D:1: 1255 daAuts
     D:3: 15 daAuts
